 Dungeon Crawl Stone Soup version 0.31-a0-187-gba352fbbf7 (webtiles) character file.

Game seed: 3765397125606637541

111 qw the Skirmisher (level 4, -1/25 HPs)
             Began as a Deep Elf Hunter on June 22, 2023.
             Shot with an arrow by a centaur (10 damage)
             ... on level 4 of the Dungeon.
             The game lasted 00:01:01 (2218 turns).

qw the Skirmisher (Deep Elf Hunter)                 Turns: 2218, Time: 00:01:02

Health: -1/25      AC:  6    Str:  7 (10) XL:     4   Next: 62%
Magic:  6/6        EV: 10    Int: 19      God:
Gold:   139        SH:  0    Dex: 11 (13) Spells: 3/3 levels left

rFire   . . .        a - +4 longbow "Vytumn" {flame, Will+++ Int+5 Dex-5 Stlth-}
rCold   . . .        (shield currently unavailable)
rNeg    . . .        h - +0 ring mail
rPois   .            f - +0 helmet
rElec   .            c - scarf {repulsion}
rCorr   .            (no gloves)
SInv    .            (no boots)
Will    +++..        g - amulet of regeneration Stlth
                     (no ring)
HPRegen 1.04/turn    (no ring)
MPRegen 0.10/turn

%: repel missiles
@: no status effects
A: no striking features
a: no special abilities


You were on level 4 of the Dungeon.
You visited 1 branch of the dungeon, and saw 4 of its levels.

You collected 139 gold pieces.


   Skills:
 - Level 1.5 Fighting
 + Level 8.0 Ranged Weapons
 - Level 2.4 Dodging
 - Level 1.2 Stealth


You had 3 spell levels left.
You didn't know any spells.
Your spell library was empty.

Inventory:

Hand Weapons
 a - the +4 longbow "Vytumn" (weapon) {flame, Will+++ Int+5 Dex-5 Stlth-}
   (You acquired it on level 2 of the Dungeon)

   Int:       It affects your intelligence (+5).
   Dex:       It affects your dexterity (-5).
   Will:      It greatly increases your willpower.
   Stlth:     It makes you less stealthy.
Armour
 c - a scarf of repulsion (worn)
 f - a +0 helmet (worn)
 h - a +0 ring mail (worn)
Jewellery
 g - an amulet of regeneration (around neck)
Scrolls
 b - a scroll of teleportation
 i - a scroll of identify
Potions
 d - 2 potions of might
 e - 2 potions of curing
 m - a potion of heal wounds {unknown}

Dungeon Overview and Level Annotations

Branches:
Dungeon (4/15)
 Temple: D:4-7

Altars:
Gozag
Wu Jian

Shops:
D:3 *   D:4 (


Message History

There is a stone staircase leading up here.
Waypoint 3 assigned to D:4.
2182 ||| PLANNING OSSUARY
Found a troll skeleton.
You see here a staff of conjuration.
Found a draconian skeleton.
Found a minotaur skeleton.
Found a stone staircase leading down.
Found a club.
There is an entrance to Jozoi's Antique Weapon Boutique here.
Found 5 stones.
An endoplasm comes into view.
The endoplasm quivers.
Enter note: You shoot an arrow.
The arrow hits the endoplasm but does no damage.
You shoot an arrow. The arrow hits the endoplasm!
The arrow burns the endoplasm.
You kill the endoplasm!
A hobgoblin comes into view.
The hobgoblin shouts!
You hear a shout!
Enter note: You shoot an arrow.
The arrow completely misses the hobgoblin.
You shoot an arrow. The arrow hits the hobgoblin!
The arrow burns the hobgoblin.
You kill the hobgoblin!
Found 2 stones.
Enter note: You now have 139 gold pieces (gained 16).
You see here 2 stones.
Found an escape hatch in the ceiling.
Enter note: A centaur comes into view.
The centaur shouts!
The centaur wields a +0 shortbow.
The centaur shoots an arrow.
The arrow hits you!
Enter note: You shoot an arrow.
The arrow closely misses the centaur.
The centaur shoots an arrow.
The arrow hits you!
The centaur shoots an arrow.
The arrow hits you!
You die...

.#.......## ###....
..... ..................
..... #.......##.##.....
......#.......##.#......
......#.......##.#......
.c....#.......##.#......
..............##.#....).
........................
......<@..#(.........###
###...#####..........###
#.. #...........## #.
#............# ..
#.........#... ..
............... .
................
............(....
................>


You could see a centaur.

Vanquished Creatures
  3 gnolls (D:3)
  4 worms (D:2)
  2 dart slugs (D:1)
  2 ball pythons (D:3)
  8 bats
  7 endoplasms
  5 giant cockroaches
  11 goblins
  A hobgoblin (D:4)
  5 kobolds
  3 quokkas
  2 frilled lizards (D:2)
  10 rats
63 creatures vanquished.

Notes
Turn   | Place    | Note
-------+----------+-------------------------------------------
     0 | D:1      | qw the Deep Elf Hunter began the quest for the Orb.
     0 | D:1      | Reached XP level 1. HP: 12/12 MP: 3/3
     0 | D:1      | 0 ||| qw: Version: 0.3-a-9-g12657ce
     0 | D:1      | 0 ||| qw: Game counter: 1941
     0 | D:1      | 0 ||| qw: Always use a shield: true
     0 | D:1      | 0 ||| qw: God list: Okawaru
     0 | D:1      | 0 ||| qw: Allow faded altars: false
     0 | D:1      | 0 ||| qw: Do Orc after D:15 true
     0 | D:1      | 0 ||| qw: Do second Lair branch before Depths: true
     0 | D:1      | 0 ||| qw: Lair rune preference: random
     0 | D:1      | 0 ||| qw: Plans: Normal
     0 | D:1      | 0 ||| PLANNING D:1-11
   160 | D:1      | Reached skill level 6 in Ranged Weapons
   160 | D:1      | Reached XP level 2. HP: 14/16 MP: 4/4
   485 | D:1      | Reached XP level 3. HP: 20/20 MP: 5/5
   692 | D:1      | 692 ||| UPGRADING to +0 ring mail.
   702 | D:1      | 702 ||| DROPPING +0 leather armour.
   703 | D:1      | 703 ||| UPGRADING to amulet of regeneration.
   708 | D:1      | 708 ||| READING 3 scrolls labelled HONNIPHADA.
   709 | D:1      | 709 ||| READING 3 scrolls labelled YNEASCH XEDE.
   710 | D:1      | 710 ||| READING scroll labelled CAG XYRCHOCRUCH.
   711 | D:1      | 711 ||| READING scroll labelled RYSIMM CEDEUN.
   712 | D:1      | 712 ||| DRINKING 2 sapphire potions.
   713 | D:1      | 713 ||| READING 2 scrolls of identify.
   713 | D:1      | 713 ||| IDENTIFYING dark potion
   714 | D:1      | 714 ||| DROPPING 2 scrolls of revelation.
   715 | D:1      | 715 ||| DROPPING scroll of butterflies.
   745 | D:2      | 745 ||| STAIRDANCE
   751 | D:2      | 751 ||| STAIRDANCE
   815 | D:2      | Reached skill level 7 in Ranged Weapons
  1223 | D:2      | 1223 ||| DROPPING scarf of invisibility.
  1224 | D:2      | 1224 ||| UPGRADING to +0 helmet.
  1229 | D:2      | 1229 ||| READING scroll labelled TIL YDYGGETAF.
  1232 | D:2      | 1232 ||| READING scroll labelled AFEWIE ROUKHLUW.
  1232 | D:2      | Identified a scroll of acquirement
  1232 | D:2      | 1232 ||| ACQUIRING +4 longbow "Vytumn" {flame, Will+++
                  | Int+5 Dex-5 Stlth-}
  1232 | D:2      | Acquired the +4 longbow "Vytumn" {flame, Will+++ Int+5
                  | Dex-5 Stlth-}
  1234 | D:2      | 1234 ||| SWAPPING to +4 longbow "Vytumn" {flame, Will+++
                  | Int+5 Dex-5 Stlth-}.
  1235 | D:2      | 1235 ||| DROPPING +1 shortbow.
  1236 | D:2      | 1236 ||| READING scroll labelled QEAWIA FUNONEX.
  1237 | D:2      | 1237 ||| DRINKING 3 viscous green potions.
  1238 | D:2      | 1238 ||| READING 2 scrolls of identify.
  1238 | D:2      | 1238 ||| IDENTIFYING fuming white potion
  1239 | D:2      | 1239 ||| DROPPING potion of ambrosia.
  1240 | D:2      | 1240 ||| DROPPING 2 potions of degeneration.
  1242 | D:2      | 1242 ||| Stepping ~*~*~tactically~*~*~ (cloud).
  1312 | D:3      | 1312 ||| Stepping ~*~*~tactically~*~*~ (outnumbered).
  1316 | D:3      | Reached XP level 4. HP: 25/25 MP: 6/6
  1332 | D:3      | 1332 ||| FLEEEEING.
  1333 | D:3      | 1333 ||| FLEEEEING.
  1334 | D:3      | 1334 ||| FLEEEEING.
  1364 | D:3      | Found an ornate altar of the Wu Jian Council.
  1411 | D:3      | Found Gozag's Platinum Reserve.
  1415 | D:3      | Found an opulent altar of Gozag.
  1429 | D:3      | 1429 ||| SHOPLISTING +2 robe of Rademisch {Will+ Str+4
                  | Int+2} (3590 gold, have 80).
  1429 | D:3      | 1429 ||| SHOPLISTING ring of Cuenug {Will+ MP+9 Str+3}
                  | (3890 gold, have 80).
  1628 | D:3      | Reached skill level 8 in Ranged Weapons
  2148 | D:3      | 2148 ||| UPGRADING to scarf of repulsion.
  2153 | D:3      | 2153 ||| READING scroll labelled HOPAUKL WUIF.
  2154 | D:3      | 2154 ||| READING scroll labelled SIDEUF ISHRAGYPT.
  2155 | D:3      | 2155 ||| READING scroll labelled HEINGE JOTHE.
  2156 | D:3      | 2156 ||| READING scroll labelled RUMMAR RAVO.
  2181 | D:4      | Found Jozoi's Antique Weapon Boutique.
  2182 | D:4      | 2182 ||| PLANNING OSSUARY
  2217 | D:4      | Noticed a centaur
  2218 | D:4      | Shot with an arrow by a centaur

Levels and vault maps discovered:
D:1:      dpeg_arrival_rhombus, layout_loops_ring
D:2:      layout_rooms
D:3:      layout_basic, nicolae_wu_jian_immortal_techniques,
          nicolae_gozag_zags_fifth_avenue, chequers_serial_rivers_small_3
D:4:      layout_basic, bloody_makhleb, nicolae_ossuary_entry_plus,
          serial_shops, nicolae_shop_gibbet_a_chance, uniq_grinder

Skill      XL: |  1  2  3  4 |
---------------+-------------+-----
Ranged Weapons | 6 7 8 |  8.0
Fighting       | |  1.5
Dodging        | |  2.4
Stealth        | |  1.2

Action                     |  1- 3 |  4- 6 || total
---------------------------+-------+-------++-------
   Fire: Shortbow          |   129 |       ||   129
         Longbow           |     9 |    33 ||    42
    Use: Scroll            |     9 |     4 ||    13
         Potion            |     2 |       ||     2
 Armour: Leather armour    |     4 |       ||     4
         Ring mail         |    13 |     8 ||    21
  Dodge: Dodged            |    31 |     7 ||    38

Table legend:
 A = Non-vault XP
 B = Vault XP
 C = Vault XP percentage of total XP
 D = Non-vault monster count
 E = Vault monster count
 F = Vault count percentage of total count
                 A         B        C        D         E       F
            +---------+---------+-------+---------+---------+-------
      Total |     159 |       0 |   0.0 |      63 |       0 |   0.0
            +---------+---------+-------+---------+---------+-------
        D:1 |      49 |       0 |   0.0 |      27 |       0 |   0.0
        D:2 |      44 |       0 |   0.0 |      18 |       0 |   0.0
        D:3 |      62 |       0 |   0.0 |      16 |       0 |   0.0
        D:4 |       4 |       0 |   0.0 |       2 |       0 |   0.0
            +---------+---------+-------+---------+---------+-------
